[Event "27th Heraklion Open 2019"]
[Site "Heraklion"]
[Date "2019.09.04"]
[Round "2.12"]
[White "Alquist, Erik"]
[Black "Tsapaki, Asimenia"]
[Result "1-0"]
[ECO "B02"]
[WhiteElo "2020"]
[BlackElo "1460"]
[Annotator "NA"]
[PlyCount "49"]
[EventDate "2019.09.03"]
[EventType "swiss"]
[EventCountry "GRE"]
[SourceTitle "playchess.com"]
[Source "ChessBase"]
[SourceQuality "1"]
[TimeControl "40/5400+30:1800+30"]

1. e4 c5 2. Nf3 Nf6 3. Nc3 d5 4. exd5 Nxd5 5. Bc4 e6 6. O-O Be7 7. Re1 Nc6 8. d4 Nb6 9. Bb5 Bd7 10. d5 Nb4 11. dxe6 fxe6 12. Ne5 Bxb5 13. Qh5+ g6 14. Nxg6 Kd7 15. Rd1+ Bd6 16. Nxh8 Qxh8 17. Nxb5 Nc8 18. Bf4 Nd5 19. Bxd6 Nxd6 20. Nxd6 Kxd6 21. c4 Rf8 22. cxd5 Rf5 23. dxe6+ Kxe6 24. Re1+ Kf6 25. Qh6+ 1-0

[Event "27th Heraklion Open 2019"]
[Site "Heraklion"]
[Date "2019.09.04"]
[Round "2.13"]
[White "Stathatos, Alexandros"]
[Black "Putrenko, Kirill"]
[Result "0-1"]
[ECO "B40"]
[WhiteElo "1387"]
[BlackElo "1974"]
[Annotator "NA"]
[PlyCount "74"]
[EventDate "2019.09.03"]
[EventType "swiss"]
[EventCountry "GRE"]
[SourceTitle "playchess.com"]
[Source "ChessBase"]
[SourceQuality "1"]
[TimeControl "40/5400+30:1800+30"]

1. e4 c5 2. Nf3 e6 3. d4 cxd4 4. Nxd4 Nf6 5. Bd3 Nc6 6. Nb3 d5 7. exd5 Nxd5 8. O-O Bd6 9. f4 O-O 10. Qf3 Nf6 11. Nc3 Nb4 12. Rd1 Qe7 13. Be3 Nxd3 14. Rxd3 e5 15. Nd5 Nxd5 16. Qxd5 exf4 17. Bf2 Bc7 18. Re1 Qf6 19. Nd4 h6 20. c3 Qg6 21. Rd2 Rd8 22. Qe4 Qxe4 23. Rxe4 b6 24. Rde2 Bd7 25. Nb3 Re8 26. Rxe8+ Rxe8 27. Rd2 Rd8 28. Nd4 g5 29. g3 fxg3 30. Bxg3 Bxg3 31. hxg3 Bc8 32. Re2 Kf8 33. Nc6 Rd1+ 34. Kf2 Ba6 35. Re1 Rd2+ 36. Ke3 Rxb2 37. Nb4 Bc4 0-1

[Event "27th Heraklion Open 2019"]
[Site "Heraklion"]
[Date "2019.09.04"]
[Round "2.14"]
[White "Kotsinis, Alexandros"]
[Black "Vlatas, Dimitrios"]
[Result "1-0"]
[ECO "A03"]
[WhiteElo "1951"]
[BlackElo "1393"]
[Annotator "NA"]
[PlyCount "37"]
[EventDate "2019.09.03"]
[EventType "swiss"]
[EventCountry "GRE"]
[SourceTitle "playchess.com"]
[Source "ChessBase"]
[SourceQuality "1"]
[TimeControl "40/5400+30:1800+30"]

1. b3 d5 2. Bb2 c5 3. e3 Nc6 4. f4 Nf6 5. Bb5 e6 6. Bxc6+ bxc6 7. Nf3 Ba6 8. d3 Be7 9. Ne5 Qc7 10. Nd2 Qb6 11. c4 d4 12. Qe2 Rd8 13. O-O-O Bb7 14. Ndf3 a5 15. Qf2 a4 16. bxa4 dxe3 17. Qxe3 Qb4 18. Rhe1 Qxa4 19. Nxf7 1-0

[Event "27th Heraklion Open 2019"]
[Site "Heraklion"]
[Date "2019.09.04"]
[Round "2.15"]
[White "Matthaiaki, Nefeli"]
[Black "Atakay, Mustafa"]
[Result "0-1"]
[ECO "B15"]
[WhiteElo "1306"]
[BlackElo "1866"]
[Annotator "NA"]
[PlyCount "84"]
[EventDate "2019.09.03"]
[EventType "swiss"]
[EventCountry "GRE"]
[SourceTitle "playchess.com"]
[Source "ChessBase"]
[SourceQuality "1"]
[TimeControl "40/5400+30:1800+30"]

1. e4 c6 2. d4 d5 3. Nc3 dxe4 4. Nxe4 Nf6 5. Ng3 e6 6. Nf3 c5 7. c3 cxd4 8. Qxd4 Bd7 9. Be3 Nc6 10. Qd2 Qa5 11. Bc4 Rd8 12. O-O b5 13. Bb3 Be7 14. Rad1 O-O 15. Rfe1 b4 16. Qc2 bxc3 17. bxc3 Rc8 18. Bd2 Rfd8 19. Ne4 Qa6 20. h3 Nb4 21. Qb1 Nbd5 22. Ng3 Nxc3 23. Bxc3 Rxc3 24. Qb2 Rcc8 25. Qe2 Qb6 26. Nf5 Bb4 27. Nd6 Bxd6 28. Kh1 Bb4 29. Rf1 Bb5 30. Rxd8+ Rxd8 31. Bc4 Bxc4 32. Qxc4 Qc5 33. Qxc5 Bxc5 34. Ne5 Rd5 35. f4 Nd7 36. Nxd7 Rxd7 37. Rc1 Bb6 38. Rc2 h5 39. g3 g6 40. Kg2 Kg7 41. Rb2 Ba5 42. Rb5 Rd2+ 0-1

[Event "27th Heraklion Open 2019"]
[Site "Heraklion"]
[Date "2019.09.04"]
[Round "2.16"]
[White "Burnett, Leon P"]
[Black "Ergazaki, Eirini"]
[Result "1/2-1/2"]
[ECO "C01"]
[WhiteElo "1849"]
[BlackElo "1336"]
[Annotator "NA"]
[PlyCount "59"]
[EventDate "2019.09.03"]
[EventType "swiss"]
[EventCountry "GRE"]
[SourceTitle "playchess.com"]
[Source "ChessBase"]
[SourceQuality "1"]
[TimeControl "40/5400+30:1800+30"]

1. c4 e6 2. e4 d5 3. exd5 exd5 4. d4 Nf6 5. Nc3 c6 6. Nf3 Bf5 7. Be2 Be7 8. Qb3 b6 9. Bg5 dxc4 10. Bxc4 O-O 11. O-O h6 12. Bh4 Nbd7 13. Rfe1 Bg6 14. Ne5 Nxe5 15. dxe5 Nd7 16. Bxe7 Qxe7 17. Bxf7+ Qxf7 18. Qxf7+ Bxf7 19. e6 Nc5 20. exf7+ Kxf7 21. Re3 Rfd8 22. Rae1 Nd3 23. R1e2 Nc1 24. Re1 Nd3 25. Rf3+ Kg8 26. Re2 Nc1 27. Re1 Nd3 28. Re2 Nc1 29. Re1 Nd3 30. Re2 1/2-1/2

[Event "27th Heraklion Open 2019"]
[Site "Heraklion"]
[Date "2019.09.04"]
[Round "2.17"]
[White "Farsaris Zaharakis, Mihail"]
[Black "Bras, Emmanouel"]
[Result "1/2-1/2"]
[ECO "B13"]
[WhiteElo "1273"]
[BlackElo "1838"]
[Annotator "NA"]
[PlyCount "134"]
[EventDate "2019.09.03"]
[EventType "swiss"]
[EventCountry "GRE"]
[SourceTitle "playchess.com"]
[Source "ChessBase"]
[SourceQuality "1"]
[TimeControl "40/5400+30:1800+30"]

1. e4 c6 2. d4 d5 3. exd5 cxd5 4. Nf3 Nc6 5. Bf4 Bg4 6. c3 Nf6 7. Nbd2 e6 8. Be2 Bd6 9. Ne5 Bxe2 10. Qxe2 O-O 11. O-O Rc8 12. Bg5 Ne7 13. Ndf3 Ne4 14. Bxe7 Qxe7 15. Nd3 Rc7 16. a4 Rfc8 17. Nd2 Nxd2 18. Qxd2 Qh4 19. g3 Qd8 20. f4 g6 21. Rfe1 Kg7 22. Ne5 h5 23. Kg2 Qh8 24. h4 Qd8 25. Qe3 Re7 26. Qd2 Qc7 27. Qe2 Qb6 28. Qd2 Qa6 29. Qf2 Qb6 30. Qd2 a6 31. a5 Qb5 32. Qf2 Bc7 33. Qe2 Qe8 34. Qd2 Qd8 35. b4 Bd6 36. Qb2 Rec7 37. Re3 Qe8 38. Qa3 Qb5 39. Rb1 Ra8 40. Qb3 b6 41. axb6 Qxb6 42. Qa4 Raa7 43. Rb3 Qb7 44. Kf2 Qc8 45. Kg2 Qa8 46. Re2 Qc8 47. Re3 Qd8 48. Kf2 Qf6 49. Kg2 Qf5 50. Qa2 Ra8 51. Rb2 Rac8 52. Qb3 Bxe5 53. fxe5 g5 54. hxg5 Rh8 55. Qd1 Qxg5 56. Qf3 Rh6 57. Rf2 h4 58. Qf4 Qxf4 59. Rxf4 hxg3 60. Rxg3+ Rg6 61. Rff3 Rxg3+ 62. Rxg3+ Kf8 63. Kf2 a5 64. bxa5 Ra7 65. Ke2 Rxa5 66. Kd3 Ra2 67. Re3 Ke7 1/2-1/2

[Event "27th Heraklion Open 2019"]
[Site "Heraklion"]
[Date "2019.09.04"]
[Round "2.18"]
[White "Fragkiadakis, Emmanouel"]
[Black "Georgakakis, Michail"]
[Result "1-0"]
[ECO "A48"]
[WhiteElo "1743"]
[BlackElo "1303"]
[Annotator "NA"]
[PlyCount "88"]
[EventDate "2019.09.03"]
[EventType "swiss"]
[EventCountry "GRE"]
[SourceTitle "playchess.com"]
[Source "ChessBase"]
[SourceQuality "1"]
[TimeControl "40/5400+30:1800+30"]

1. d4 Nf6 2. Bf4 d6 3. e3 g6 4. Nf3 Bg7 5. Be2 O-O 6. O-O c6 7. c4 a6 8. a4 a5 9. Nc3 d5 10. Ne5 e6 11. Qb3 Na6 12. Rfd1 Nb4 13. Na2 Nxa2 14. Rxa2 h6 15. h3 g5 16. Bh2 Nd7 17. Nxd7 Qxd7 18. Qb6 f5 19. Ra3 Bf6 20. c5 Bd8 21. Qb3 Bc7 22. Bxc7 Qxc7 23. Qb6 Qxb6 24. cxb6 Bd7 25. Rc1 Kg7 26. Rc5 Kf6 27. f4 Rh8 28. Ra1 h5 29. b4 axb4 30. a5 Bc8 31. Rb1 h4 32. Rxb4 Rg8 33. fxg5+ Rxg5 34. a6 Rg7 35. a7 Rg3 36. Kf2 Bd7 37. Ra4 Ke7 38. Ba6 bxa6 39. b7 Rgg8 40. bxa8=Q Rxa8 41. Rxa6 Kd6 42. Rc2 Kc7 43. Rb2 Kc8 44. Kf3 Kc7 1-0

[Event "27th Heraklion Open 2019"]
[Site "Heraklion"]
[Date "2019.09.04"]
[Round "2.19"]
[White "Alexandrakis, Georgios"]
[Black "Koutsourakis, Ioannis"]
[Result "0-1"]
[ECO "D02"]
[WhiteElo "1254"]
[BlackElo "1739"]
[Annotator "NA"]
[PlyCount "90"]
[EventDate "2019.09.03"]
[EventType "swiss"]
[EventCountry "GRE"]
[SourceTitle "playchess.com"]
[Source "ChessBase"]
[SourceQuality "1"]
[TimeControl "40/5400+30:1800+30"]

1. d4 d5 2. Nf3 Nf6 3. Bf4 c5 4. e3 e6 5. c3 Nc6 6. Bd3 Bd6 7. Bg3 b6 8. Nbd2 Bb7 9. Ne5 O-O 10. f4 c4 11. Bc2 b5 12. a3 Ne7 13. Qf3 Nf5 14. O-O Be7 15. Bf2 Nd6 16. Qe2 Nfe4 17. Rad1 Qc7 18. g4 a5 19. Kh1 f6 20. Nef3 b4 21. axb4 Nxd2 22. Qxd2 axb4 23. cxb4 Ra2 24. Bb1 Ne4 25. Bxe4 dxe4 26. Nh4 Ra4 27. b5 Qb6 28. f5 Bd5 29. Qc2 Qxb5 30. fxe6 Bxe6 31. h3 Rb4 32. Rb1 Rb8 33. Kg1 f5 34. Nxf5 Bxf5 35. gxf5 Qxf5 36. Kh2 Bd6+ 37. Bg3 Bxg3+ 38. Kxg3 Qg5+ 39. Kf2 Rf8+ 40. Ke1 Qxe3+ 41. Qe2 Rxf1+ 42. Kxf1 Qxh3+ 43. Kf2 Qh2+ 44. Ke1 Qg1+ 45. Qf1 Qxd4 0-1

[Event "27th Heraklion Open 2019"]
[Site "Heraklion"]
[Date "2019.09.04"]
[Round "3.1"]
[White "Moiseenko, Vadim"]
[Black "Lirindzakis, Timotheos"]
[Result "1-0"]
[ECO "C54"]
[WhiteElo "2543"]
[BlackElo "2157"]
[Annotator "ChessBase"]
[PlyCount "63"]
[EventDate "2019.09.03"]
[EventType "swiss"]
[EventCountry "GRE"]
[SourceTitle "playchess.com"]
[Source "ChessBase"]
[SourceQuality "1"]
[TimeControl "40/5400+30:1800+30"]

1. e4 e5 2. Nf3 Nc6 3. Bc4 Bc5 4. d3 Nf6 5. O-O O-O 6. a4 a6 7. c3 d6 8. Nbd2 Ba7 9. h3 h6 10. Re1 Re8 11. Bb3 Be6 12. Bc2 Ne7 13. d4 Ng6 14. Nf1 c6 15. Ng3 Qc7 16. Be3 Bb6 17. Qc1 Kh7 18. Nf5 Ng8 19. a5 Ba7 20. Nh2 N6e7 21. Ng3 Ng6 22. Ng4 Rad8 23. Nf5 h5 24. Nh2 N6e7 25. dxe5 Bxe3 26. exd6 Rxd6 27. Nxe3 g6 28. Nf3 Kg7 29. b4 c5 30. c4 cxb4 31. Qb2+ f6 32. Nd5 1-0

[Event "27th Heraklion Open 2019"]
[Site "Heraklion"]
[Date "2019.09.04"]
[Round "3.2"]
[White "Fasching, Markus"]
[Black "Levin, Evgeny A."]
[Result "0-1"]
[ECO "B85"]
[WhiteElo "2029"]
[BlackElo "2511"]
[Annotator "ChessBase"]
[PlyCount "70"]
[EventDate "2019.09.03"]
[EventType "swiss"]
[EventCountry "GRE"]
[SourceTitle "playchess.com"]
[Source "ChessBase"]
[SourceQuality "1"]
[TimeControl "40/5400+30:1800+30"]

1. e4 c5 2. Nf3 d6 3. d4 cxd4 4. Nxd4 Nf6 5. Nc3 a6 6. Be2 e6 7. a4 Nc6 8. O-O Be7 9. Be3 O-O 10. f4 Qc7 11. Kh1 Re8 12. Bf3 Rb8 13. Qe1 e5 14. Nb3 Be6 15. Nd5 Bxd5 16. exd5 e4 17. dxc6 exf3 18. Rxf3 bxc6 19. Bd4 c5 20. Bc3 Nd5 21. Qf1 Nxc3 22. bxc3 Bf6 23. Qxa6 c4 24. Qa5 Rb6 25. Rd1 cxb3 26. cxb3 Qc5 27. Qxc5 dxc5 28. c4 Bd4 29. h3 f5 30. Kh2 Re2 31. Rdd3 Rb2 32. h4 Re6 33. h5 Re1 34. Rg3 Bg1+ 35. Kh3 Bf2 0-1

[Event "27th Heraklion Open 2019"]
[Site "Heraklion"]
[Date "2019.09.04"]
[Round "3.5"]
[White "Bogdanov, Egor"]
[Black "Kotsinis, Alexandros"]
[Result "1-0"]
[ECO "C56"]
[WhiteElo "2422"]
[BlackElo "1951"]
[Annotator "ChessBase"]
[PlyCount "63"]
[EventDate "2019.09.03"]
[EventType "swiss"]
[EventCountry "GRE"]
[SourceTitle "playchess.com"]
[Source "ChessBase"]
[SourceQuality "1"]
[TimeControl "40/5400+30:1800+30"]

1. e4 e5 2. d4 exd4 3. Nf3 Nc6 4. Bc4 Nf6 5. e5 d5 6. Bb5 Ne4 7. Nxd4 Bc5 8. Be3 O-O 9. Bxc6 bxc6 10. O-O Qe8 11. f3 Nf6 12. Re1 Qxe5 13. Bf2 Qh5 14. Nd2 Bd7 15. Nf1 Rfe8 16. Qd2 Bd6 17. Nb3 Qg6 18. Rxe8+ Rxe8 19. Bxa7 Nh5 20. Be3 d4 21. Nxd4 c5 22. Ne2 Bh3 23. Neg3 Nxg3 24. hxg3 Bxg3 25. gxh3 Bd6+ 26. Qg2 Qh5 27. Qg4 Qd5 28. Bf2 h5 29. c4 Qe5 30. Qg2 Qxb2 31. Re1 Be5 32. f4 1-0

[Event "27th Heraklion Open 2019"]
[Site "Heraklion"]
[Date "2019.09.04"]
[Round "3.7"]
[White "Namini, Armin"]
[Black "Fragkiadakis, Emmanouel"]
[Result "1-0"]
[ECO "A30"]
[WhiteElo "2251"]
[BlackElo "1743"]
[Annotator "ChessBase"]
[PlyCount "77"]
[EventDate "2019.09.03"]
[EventType "swiss"]
[EventCountry "GRE"]
[SourceTitle "playchess.com"]
[Source "ChessBase"]
[SourceQuality "1"]
[TimeControl "40/5400+30:1800+30"]

1. c4 c5 2. Nf3 Nf6 3. Nc3 e6 4. g3 b6 5. Bg2 Bb7 6. O-O d6 7. b3 Be7 8. Bb2 O-O 9. e3 a6 10. d4 cxd4 11. Nxd4 Bxg2 12. Kxg2 Qc7 13. Qf3 Ra7 14. Rad1 Rc8 15. Rd2 Nbd7 16. Rfd1 Qb7 17. Qxb7 Rxb7 18. e4 Nc5 19. f3 Rd7 20. Kf1 g5 21. h3 Nh5 22. Kg2 Bf6 23. Nde2 Be5 24. b4 Bxc3 25. Nxc3 Nb7 26. Na4 Rc6 27. b5 axb5 28. cxb5 Rcc7 29. Nxb6 Rd8 30. Rc1 Rxc1 31. Bxc1 Nf6 32. Rc2 h6 33. Rc7 Nc5 34. a4 Nb3 35. Bb2 Ne8 36. Rc8 Rxc8 37. Nxc8 d5 38. exd5 exd5 39. b6 1-0

[Event "27th Heraklion Open 2019"]
[Site "Heraklion"]
[Date "2019.09.04"]
[Round "3.8"]
[White "Koutsourakis, Ioannis"]
[Black "Hulshof, Peter"]
[Result "0-1"]
[ECO "A41"]
[WhiteElo "1739"]
[BlackElo "2180"]
[Annotator "ChessBase"]
[PlyCount "68"]
[EventDate "2019.09.03"]
[EventType "swiss"]
[EventCountry "GRE"]
[SourceTitle "playchess.com"]
[Source "ChessBase"]
[SourceQuality "1"]
[TimeControl "40/5400+30:1800+30"]

1. d4 g6 2. c4 Bg7 3. e4 d6 4. Nf3 e5 5. Be3 Nc6 6. Nc3 Bg4 7. d5 Nd4 8. Be2 Bxf3 9. Bxf3 c5 10. Bxd4 exd4 11. Qa4+ Ke7 12. Ne2 Nf6 13. O-O Qd7 14. Qa3 Rhe8 15. b4 b6 16. bxc5 bxc5 17. Ng3 Kf8 18. Bd1 Qc7 19. Ba4 Qa5 20. Qb3 Reb8 21. Qd1 Rb4 22. Bb3 Qa3 23. f4 Re8 24. Re1 Nd7 25. Nf1 a5 26. Qd3 a4 27. Reb1 Ra8 28. Bc2 Qc3 29. Nd2 Rab8 30. a3 Rb2 31. Qxc3 dxc3 32. Bxa4 cxd2 33. Rxb2 Bxb2 34. Rb1 Bd4+ 0-1

[Event "27th Heraklion Open 2019"]
[Site "Heraklion"]
[Date "2019.09.04"]
[Round "3.9"]
[White "Ivanov, Mike"]
[Black "Natoli, Domenico"]
[Result "1-0"]
[ECO "B50"]
[WhiteElo "2177"]
[BlackElo "1694"]
[Annotator "ChessBase"]
[PlyCount "43"]
[EventDate "2019.09.03"]
[EventType "swiss"]
[EventCountry "GRE"]
[SourceTitle "playchess.com"]
[Source "ChessBase"]
[SourceQuality "1"]
[TimeControl "40/5400+30:1800+30"]

1. e4 c5 2. Nf3 d6 3. c3 Nf6 4. h3 Nc6 5. d4 cxd4 6. cxd4 e6 7. Nc3 d5 8. e5 Nd7 9. Bd3 Qb6 10. Bc2 Na5 11. O-O Nc4 12. b3 Na3 13. Bd3 a6 14. Be3 Nb5 15. Nxb5 axb5 16. Ng5 g6 17. Qf3 f5 18. exf6 Qd6 19. Bf4 Qb6 20. f7+ Kd8 21. Nxe6+ Qxe6 22. Rae1 1-0

[Event "27th Heraklion Open 2019"]
[Site "Heraklion"]
[Date "2019.09.04"]
[Round "3.10"]
[White "Mavridis, Emmanouel"]
[Black "Burnett, Leon P"]
[Result "0-1"]
[ECO "E21"]
[WhiteElo "1268"]
[BlackElo "1849"]
[Annotator "NA"]
[PlyCount "152"]
[EventDate "2019.09.03"]
[EventType "swiss"]
[EventCountry "GRE"]
[SourceTitle "playchess.com"]
[Source "ChessBase"]
[SourceQuality "1"]
[TimeControl "40/5400+30:1800+30"]

1. d4 Nf6 2. c4 e6 3. Nc3 Bb4 4. Nf3 O-O 5. Bg5 h6 6. Bh4 d6 7. a3 Bxc3+ 8. bxc3 Nbd7 9. e3 Re8 10. Be2 b6 11. O-O Bb7 12. a4 a5 13. Qc2 Qe7 14. Rfd1 e5 15. Qb3 e4 16. Nd2 Ba6 17. Nf1 Qe6 18. d5 Qf5 19. Qc2 Qh7 20. h3 g5 21. Bg3 Ne5 22. Bxe5 Rxe5 23. Rd4 Nd7 24. Nd2 Rae8 25. Nb3 Bc8 26. Rdd1 f5 27. Nd4 Nb8 28. Qb3 Bd7 29. Rf1 Na6 30. Qc2 Rf8 31. Ra2 Qe7 32. Qd2 Qf6 33. Raa1 Nc5 34. Bd1 Qg6 35. Qe2 Qe8 36. Qc2 Kh8 37. Qa2 Re7 38. Nb5 Bxb5 39. cxb5 Rg7 40. c4 Qe5 41. Be2 Nd7 42. Qd2 Nf6 43. Rae1 Qe7 44. Qd4 Nd7 45. f3 exf3 46. Bxf3 Qe5 47. Bd1 Rgf7 48. Rf2 Rf6 49. Ref1 f4 50. Qd3 Qxe3 51. Qxe3 fxe3 52. Rxf6 Rxf6 53. Rxf6 Nxf6 54. Bf3 Nd7 55. Bd1 Ne5 56. Bb3 Nd3 57. Kf1 e2+ 58. Kxe2 Nc1+ 59. Ke3 Nxb3 60. Ke4 Nc5+ 61. Kf5 Kg7 62. g3 Kf7 63. h4 gxh4 64. gxh4 Nxa4 65. Kg4 Nb2 66. Kh5 Kg7 67. Kg4 a4 68. Kf5 Kf7 69. Ke4 a3 70. Kd4 a2 71. h5 a1=Q 72. c5 Qd1+ 73. Kc3 Qc1+ 74. Kb3 Nd1 75. cxb6 Qc3+ 76. Ka4 Nb2# 0-1

[Event "27th Heraklion Open 2019"]
[Site "Heraklion"]
[Date "2019.09.04"]
[Round "3.11"]
[White "Bras, Emmanouel"]
[Black "Kealar, Konstantinos"]
[Result "1-0"]
[ECO "A85"]
[WhiteElo "1838"]
[BlackElo "1270"]
[Annotator "NA"]
[PlyCount "77"]
[EventDate "2019.09.03"]
[EventType "swiss"]
[EventCountry "GRE"]
[SourceTitle "playchess.com"]
[Source "ChessBase"]
[SourceQuality "1"]
[TimeControl "40/5400+30:1800+30"]

1. d4 f5 2. Nf3 Nf6 3. e3 e6 4. c4 Be7 5. Nc3 O-O 6. Qc2 d5 7. Be2 Ne4 8. O-O c6 9. b3 Qc7 10. Bb2 Nd7 11. Rac1 Ndf6 12. Ne5 Nxc3 13. Bxc3 Ne4 14. Bb2 Bg5 15. Bd3 Bd7 16. Ba3 Rf6 17. f4 Bh6 18. Be7 Rf7 19. Nxf7 Kxf7 20. Bxe4 fxe4 21. Bg5 Rg8 22. Qf2 Ke8 23. Qh4 Bc8 24. Bxh6 gxh6 25. Qxh6 Rg6 26. Qh5 Qg7 27. cxd5 Kd7 28. dxe6+ Rxe6 29. d5 Rg6 30. dxc6+ bxc6 31. Rfd1+ Kc7 32. Qa5+ Kb8 33. Qb4+ Kc7 34. Qxe4 Bh3 35. Rd2 Re6 36. Qd4 Qg6 37. Qxa7+ Kc8 38. Qd7+ Kb8 39. Qd8+ 1-0

[Event "27th Heraklion Open 2019"]
[Site "Heraklion"]
[Date "2019.09.04"]
[Round "3.12"]
[White "Kapnistou, Maria"]
[Black "Lithoxoos, Theodoros"]
[Result "0-1"]
[ECO "B26"]
[WhiteElo "1201"]
[BlackElo "1685"]
[Annotator "NA"]
[PlyCount "94"]
[EventDate "2019.09.03"]
[EventType "swiss"]
[EventCountry "GRE"]
[SourceTitle "playchess.com"]
[Source "ChessBase"]
[SourceQuality "1"]
[TimeControl "40/5400+30:1800+30"]

1. e4 c5 2. Nc3 d6 3. g3 Nc6 4. d3 g6 5. Bg2 Bg7 6. Be3 Nf6 7. h3 O-O 8. Qd2 Nd4 9. Nge2 e5 10. O-O Bxh3 11. Nxd4 Bxg2 12. Nc6 bxc6 13. Kxg2 Ng4 14. Rh1 Nxe3+ 15. Qxe3 f5 16. Ne2 f4 17. Qf3 fxg3 18. Qxg3 Qf6 19. Rh3 Rf7 20. Qh4 Qxh4 21. Rxh4 Raf8 22. Rf1 Rf3 23. b3 R8f7 24. Ng1 R3f4 25. Rh3 Bf8 26. Rg3 Be7 27. Nh3 Rh4 28. f3 Kg7 29. Kf2 d5 30. Ke2 Bd8 31. Rfg1 Rb7 32. Ke3 c4 33. Rb1 h6 34. Rd1 cxb3 35. axb3 Rb5 36. Rd2 Rxh3 37. Rxh3 Bg5+ 38. Ke2 Bxd2 39. Kxd2 Ra5 40. Rh1 g5 41. Ke3 Ra2 42. Rh2 d4+ 43. Kd2 Ra1 44. Rf2 Kg6 45. Ke2 h5 46. Rf1 Rxf1 47. Kxf1 g4 0-1

[Event "27th Heraklion Open 2019"]
[Site "Heraklion"]
[Date "2019.09.04"]
[Round "3.13"]
[White "Ergazaki, Eirini"]
[Black "Farsaris Zaharakis, Mihail"]
[Result "1-0"]
[ECO "C50"]
[WhiteElo "1336"]
[BlackElo "1273"]
[Annotator "NA"]
[PlyCount "103"]
[EventDate "2019.09.03"]
[EventType "swiss"]
[EventCountry "GRE"]
[SourceTitle "playchess.com"]
[Source "ChessBase"]
[SourceQuality "1"]
[TimeControl "40/5400+30:1800+30"]

1. e4 e5 2. Nf3 Nc6 3. d4 exd4 4. Bc4 h6 5. Nxd4 Nxd4 6. Qxd4 Qf6 7. e5 Qg6 8. Qf4 Bc5 9. O-O Ne7 10. Nc3 O-O 11. Bd3 Qe6 12. Na4 Bb6 13. Nxb6 axb6 14. Bc4 Qg6 15. Bd3 Qe6 16. Qe4 Qg6 17. Re1 Qxe4 18. Rxe4 Nc6 19. Bd2 Re8 20. Bc3 d6 21. exd6 Rxe4 22. Bxe4 cxd6 23. a3 Be6 24. Rd1 Rd8 25. Bd5 b5 26. f3 Kf8 27. Kf2 Bf5 28. Rd2 Rd7 29. Be4 Be6 30. Bd3 Bc4 31. Be4 f6 32. b3 Be6 33. Bd3 b4 34. axb4 d5 35. b5 Ne5 36. Be2 Kf7 37. Kg3 Rc7 38. Ba5 Rd7 39. f4 Ng6 40. c4 dxc4 41. Rxd7+ Bxd7 42. bxc4 Ne7 43. Bf3 Bc8 44. Kf2 Nf5 45. Bd5+ Ke8 46. Bb6 Nd6 47. Bc5 Ke7 48. Ke3 Be6 49. Bxd6+ Kxd6 50. Bxe6 Kxe6 51. Kd4 b6 52. c5 1-0

[Event "27th Heraklion Open 2019"]
[Site "Heraklion"]
[Date "2019.09.04"]
[Round "3.15"]
[White "Borbantonakis, Ioannis"]
[Black "Kealar, Ioannis"]
[Result "0-1"]
[ECO "A14"]
[WhiteElo "1635"]
[BlackElo "1240"]
[Annotator "NA"]
[PlyCount "80"]
[EventDate "2019.09.03"]
[EventType "swiss"]
[EventCountry "GRE"]
[SourceTitle "playchess.com"]
[Source "ChessBase"]
[SourceQuality "1"]
[TimeControl "40/5400+30:1800+30"]

1. Nf3 Nf6 2. c4 e6 3. g3 Be7 4. Bg2 O-O 5. O-O d5 6. b3 c5 7. e3 Nc6 8. d4 b6 9. Bb2 Ba6 10. Nbd2 Rc8 11. Rc1 Qc7 12. a3 dxc4 13. Nxc4 Bxc4 14. bxc4 cxd4 15. exd4 Ne4 16. Qe2 Nd6 17. Rfd1 Na5 18. d5 exd5 19. cxd5 Qd7 20. Rxc8 Rxc8 21. Rc1 Rxc1+ 22. Bxc1 h6 23. g4 Qd8 24. Ne5 Bg5 25. f4 Bf6 26. Nc6 Nxc6 27. dxc6 Ne8 28. g5 hxg5 29. fxg5 Bd4+ 30. Kh1 Qb8 31. g6 Bf6 32. Bf4 Qd8 33. Bd5 Qxd5+ 34. Kg1 Bd4+ 35. Be3 Qg5+ 36. Kh1 Bxe3 37. gxf7+ Kxf7 38. Qf1+ Nf6 39. c7 Qd5+ 40. Qg2 Qd1+ 0-1

[Event "27th Heraklion Open 2019"]
[Site "Heraklion"]
[Date "2019.09.04"]
[Round "3.16"]
[White "Saklampanakis, Dimitrios"]
[Black "Koutsaftis, Efstratios Panagioti"]
[Result "0-1"]
[ECO "A17"]
[WhiteElo "1245"]
[BlackElo "1611"]
[Annotator "NA"]
[PlyCount "110"]
[EventDate "2019.09.03"]
[EventType "swiss"]
[EventCountry "GRE"]
[SourceTitle "playchess.com"]
[Source "ChessBase"]
[SourceQuality "1"]
[TimeControl "40/5400+30:1800+30"]

1. c4 e6 2. Nc3 Nf6 3. g3 d5 4. cxd5 exd5 5. d4 Bb4 6. Bd2 Nc6 7. Nf3 Bg4 8. Bg2 O-O 9. e3 Ne4 10. h3 Bh5 11. g4 Bxc3 12. Bxc3 Nxc3 13. bxc3 Bg6 14. O-O Na5 15. Ne5 c6 16. f4 f6 17. Nxg6 hxg6 18. Qd3 f5 19. Bf3 b5 20. gxf5 gxf5 21. Kh2 Nc4 22. Rg1 Qh4 23. Rg3 Rae8 24. Be2 Nxe3 25. Rag1 Qxf4 26. Bf3 Nc4 27. Rf1 Qd2+ 28. Qxd2 Nxd2 29. Rf2 Ne4 30. Bxe4 fxe4 31. Rfg2 Re7 32. Rg6 e3 33. Re2 Rc8 34. Rg3 Rce8 35. Rg6 Re6 36. Rxe6 Rxe6 37. Kg3 Kf7 38. Kf3 Kf6 39. Rxe3 Rxe3+ 40. Kxe3 Kg5 41. Kf3 Kf5 42. Ke3 Kg5 43. Kf3 Kh4 44. Kf4 Kxh3 45. Kg5 Kg3 46. Kg6 Kg4 47. Kxg7 Kf5 48. Kf7 Ke4 49. Ke6 b4 50. cxb4 Kxd4 51. Kd6 Kc4 52. Kxc6 d4 53. b5 d3 54. Kb7 Kxb5 55. Kxa7 d2 0-1

[Event "27th Heraklion Open 2019"]
[Site "Heraklion"]
[Date "2019.09.04"]
[Round "3.17"]
[White "Koumis, Filippos"]
[Black "Fragkiadakis, Nikolaos Emm"]
[Result "1-0"]
[ECO "C30"]
[WhiteElo "1601"]
[BlackElo "1183"]
[Annotator "NA"]
[PlyCount "61"]
[EventDate "2019.09.03"]
[EventType "swiss"]
[EventCountry "GRE"]
[SourceTitle "playchess.com"]
[Source "ChessBase"]
[SourceQuality "1"]
[TimeControl "40/5400+30:1800+30"]

1. e4 e5 2. f4 d6 3. Nf3 Nc6 4. Bc4 Be7 5. d3 Bg4 6. O-O Qd7 7. c3 Be6 8. Bb5 a6 9. Bxc6 Qxc6 10. fxe5 Bg4 11. exd6 Qxd6 12. d4 O-O-O 13. Qb3 Be6 14. Qc2 f6 15. c4 Qb6 16. c5 Qb4 17. Bd2 Qc4 18. Bc3 Bg4 19. Na3 Qe6 20. b4 Bh5 21. d5 Qf7 22. Nd4 Qg6 23. Nf5 Bf8 24. d6 Rd7 25. Nc4 Nh6 26. Bd2 Nxf5 27. exf5 Qf7 28. Bf4 g5 29. Bg3 Qe8 30. dxc7 Be2 31. Nb6# 1-0

[Event "27th Heraklion Open 2019"]
[Site "Heraklion"]
[Date "2019.09.04"]
[Round "3.18"]
[White "Roditakis, Emmanouil"]
[Black "Xirouhakis, Emmanouil"]
[Result "0-1"]
[ECO "B90"]
[WhiteElo "1193"]
[BlackElo "1574"]
[Annotator "NA"]
[PlyCount "100"]
[EventDate "2019.09.03"]
[EventType "swiss"]
[EventCountry "GRE"]
[SourceTitle "playchess.com"]
[Source "ChessBase"]
[SourceQuality "1"]
[TimeControl "40/5400+30:1800+30"]

1. e4 c5 2. Nf3 d6 3. d4 cxd4 4. Nxd4 Nf6 5. Nc3 a6 6. Bd3 e5 7. Nb3 Be7 8. O-O Nbd7 9. Be3 b6 10. Be2 Bb7 11. f3 O-O 12. Qd2 Rc8 13. Rfd1 b5 14. Bd3 Nb6 15. Qe2 Qc7 16. a3 Rfd8 17. Qf2 Nbd7 18. Nc1 Re8 19. N1e2 Nc5 20. Rac1 Bf8 21. Ng3 Bc6 22. b4 Ncd7 23. Nce2 Qb7 24. c4 bxc4 25. Bxc4 d5 26. exd5 Bxd5 27. Bxd5 Nxd5 28. Nf5 Nxe3 29. Nxe3 Rxc1 30. Rxc1 e4 31. f4 a5 32. Nc2 axb4 33. axb4 Nf6 34. Kh1 Nd5 35. Rb1 Qc7 36. Ned4 Nxf4 37. Qg3 Qb8 38. b5 Nd5 39. b6 Bd6 40. Qb3 Qb7 41. Qa4 Rc8 42. Qa7 Rb8 43. Nc6 Qxc6 44. b7 Qxc2 45. Ra1 Nf4 46. Rg1 Qd2 47. Qa6 Qd5 48. Rc1 Rxb7 49. Qxd6 Qxd6 50. Rc8+ Qf8 0-1